 Dungeon Crawl Stone Soup version 0.24-a0-459-g225fefd530 (webtiles) character file.

Game seed: 15359259429074445823

75 Gildeon the Ruffian (level 4, 0/36 HPs)
             Began as a Draconian Transmuter on June 29, 2019.
             Slain by a gnoll
             ... wielding a +0 spear
              (4 damage)
             ... on level 3 of the Dungeon.
             The game lasted 00:08:57 (1345 turns).

Gildeon the Ruffian (Draconian Transmuter)          Turns: 1345, Time: 00:08:58

Health: 0/36       AC:  5    Str: 13    XL:     4   Next: 11%
Magic:  7/8        EV: 12    Int: 13    God:
Gold:   71         SH:  0    Dex: 12    Spells: 0/8 levels left

rFire    . . .     SeeInvis .     - Unarmed
rCold    . . .     Gourm    .   (no shield)
rNeg     . . .     Faith    .   (armour unavailable)
rPois    .         Spirit   .   (helmet restricted)
rElec    .         Reflect  .   (no cloak)
rCorr    .         Harm     .   (no gloves)
MR       .....                  (no boots)
Stlth    +.........             (no amulet)
HPRegen  0.12/turn              (no ring)
MPRegen  0.11/turn              (no ring)

@: appendage (expiring)
A: unfitting armour, horns 2, cold-blooded, AC +5
a: End Transformation


You were on level 3 of the Dungeon.
You were not hungry.
You had grown temporary horns.
You visited 1 branch of the dungeon, and saw 3 of its levels.

You collected 71 gold pieces.

Inventory:

Scrolls
 a - a scroll of noise {unknown}
 i - a scroll of magic mapping {unknown}
 k - 2 scrolls of teleportation
 l - a scroll of blinking {unknown}
Potions
 d - a potion of heal wounds {unknown}
 e - 2 potions of might
 f - a potion of resistance {unknown}
 h - 2 potions of haste
 j - a potion of ambrosia {unknown}
Comestibles
 b - 4 chunks of flesh
 c - 5 rations


   Skills:
 - Level 2.2 Fighting
 + Level 2.5 Dodging
 + Level 3.5 Unarmed Combat
 + Level 2.7 Spellcasting
 - Level 2.0 Transmutations


You couldn't memorise any spells.
You knew the following spells:

 Your Spells              Type           Power        Failure   Level  Hunger
a - Beastly Appendage     Tmut           #.....       11%         1    #......
b - Spider Form           Tmut/Pois      #.........   43%         3    ###....
c - Ice Form              Ice/Tmut       #.......     83%         4    #####..

Your spell library contained the following spells:

 Spells                   Type           Power        Failure   Level  Hunger
 Sticks to Snakes         Tmut           #.......     16%         2    ###....
 Blade Hands              Tmut           #.........   96%         5    ######.


Dungeon Overview and Level Annotations

Branches:
Dungeon (3/15)

Altars:


Innate Abilities, Weirdness & Mutations

Your plain brown scales are hard. (AC +5)
You cannot fit into any form of body armour.
You are cold-blooded and may be slowed by cold attacks.
You have a pair of horns on your head.


Message History

The gnoll hits you with a +0 spear!
The gnoll hits you from afar with a +0 spear.
You hit the gnoll but do no damage. The gnoll closely misses you.
The gnoll hits you but does no damage.
You hit the gnoll. You headbutt the gnoll.
The gnoll is severely wounded.
The gnoll hits you with a +0 spear.
The gnoll hits you from afar with a +0 spear.
You hit the gnoll.
You headbutt the gnoll, but do no damage.
Your tail-slap misses the gnoll.
The gnoll is almost dead.
The gnoll barely misses you. The gnoll hits you but does no damage.
The gnoll hits you from afar with a +0 spear!
* * * LOW HITPOINT WARNING * * *
You barely miss the gnoll.
The gnoll is almost dead.
Your transformation is almost over.
The gnoll closely misses you. The gnoll hits you with a +0 spear.
You die...

########
..##########g@.<..#
...........gg..##.#
..................#
..................#
..≈≈≈.≈...≈≈≈≈≈≈.≈#
≈≈≈≈≈≈≈≈≈≈≈≈≈≈≈≈≈≈#
≈≈≈≈≈≈≈≈≈≈≈≈≈≈≈≈≈≈#
≈≈≈≈#####≈≈≈≈≈≈≈≈≈#
#### #≈≈≈≈≈≈≈≈≈#


You could see 3 gnolls.

Vanquished Creatures
  A gnoll (D:2)
  A dart slug (D:1)
  3 leopard geckos
  5 bats
  5 giant cockroaches
  12 goblins
  5 hobgoblins
  2 jackals (D:2)
  7 kobolds
  A quokka (D:2)
  3 ball pythons
  3 frilled lizards
  7 rats
55 creatures vanquished.

Notes
Turn   | Place    | Note
-------+----------+-------------------------------------------
     0 | D:1      | Gildeon the Draconian Transmuter began the quest for the
                  | Orb.
     0 | D:1      | Reached XP level 1. HP: 16/16 MP: 3/3
    98 | D:1      | Reached XP level 2. HP: 15/23 MP: 3/5
   574 | D:1      | Reached XP level 3. HP: 29/29 MP: 6/6
   586 | D:1      | Learned a level 3 spell: Spider Form
  1104 | D:2      | Reached XP level 4. HP: 27/36 MP: 7/7
  1131 | D:2      | Learned a level 4 spell: Ice Form
  1345 | D:3      | Slain by a gnoll

Levels and vault maps discovered:
D:1:      mrwooster_arrival_statue_2, layout_basic, minmay_split_cup_large
D:2:      minmay_wonky_spiral, layout_basic, first_ration
D:3:      minmay_goblin_kobold_castle, layout_basic, nicolae_ru_awakened_eye,
          kennysheep_slug_shrine, serial_curves, eino_curves_03, eino_curves_01

Skill      XL: |  1  2  3 |
---------------+----------+-----
Dodging        | 2 |  2.5
Fighting       | 2 |  2.2
Unarmed Combat | |  3.5
Spellcasting   | |  2.7
Transmutations | |  2.0

Action                   |  1- 3 |  4- 6 || total
-------------------------+-------+-------++-------
Melee: Unarmed           |   153 |    20 ||   173
       Tailslap          |    12 |       ||    12
       Headbutt          |     8 |     2 ||    10
       Kick              |     7 |     3 ||    10
       Punch             |     3 |       ||     3
 Cast: Beastly Appendage |    22 |     4 ||    26
  Use: Scroll            |       |     3 ||     3
  Eat: Chunk             |     1 |     1 ||     2
Armor: Skin              |    39 |     5 ||    44
Dodge: Dodged            |   111 |    11 ||   122

Table legend:
 A = Non-vault XP
 B = Vault XP
 C = Vault XP percentage of total XP
 D = Non-vault monster count
 E = Vault monster count
 F = Vault count percentage of total count
                 A         B        C        D         E       F
            +---------+---------+-------+---------+---------+-------
      Total |      81 |      27 |  25.0 |      47 |       8 |  14.5
            +---------+---------+-------+---------+---------+-------
        D:1 |      35 |       7 |  16.7 |      21 |       4 |  16.0
        D:2 |      46 |      20 |  30.3 |      26 |       4 |  13.3
            +---------+---------+-------+---------+---------+-------
